 Dungeon Crawl Stone Soup version 0.17.0-23-g0de4337 (webtiles) character file.

151 JudasIscariot the Sneak (level 5, -3/32 HPs)
             Began as a Kobold Assassin on Nov 14, 2015.
             Slain by Natasha (7 damage)
             ... on level 3 of the Dungeon.
             The game lasted 00:07:03 (2293 turns).

JudasIscariot the Sneak (Kobold Assassin)           Turns: 2293, Time: 00:07:03

Health: -3/32      AC:  7    Str: 15    XL:     5   Next: 59%
Magic:  0/5        EV: 16    Int:  9    God:
Gold:   166        SH:  0    Dex: 18    Spells: 0 memorised, 4 levels left

rFire  . . .     SeeInvis .     l - +2 dagger (venom)
rCold  . . .     Clarity  .     y - +0 leather armour
rNeg   . . .     SustAt   .     (shield restricted)
rPois  .         Gourm    .     (no helmet)
rElec  .         Spirit   +     d - +0 cloak
rCorr  .         Warding  .     (no gloves)
rMut   .         Stasis   .     (no boots)
MR     .....                    q - amulet of guardian spirit
Stlth  ++++......               (no ring)
                                n - +3 ring of protection

@: mighty, not resistant to hostile enchantments, stealthy
A: carnivore 3
a: no special abilities


You were on level 3 of the Dungeon.
You were completely stuffed.

You visited 1 branch of the dungeon, and saw 3 of its levels.

You collected 166 gold pieces.

Inventory:

Hand Weapons
 a - a +2 dagger
 b - a +0 blowgun
 l - a +2 dagger of venom (weapon)
Missiles
 e - 8 poisoned needles
 f - 2 curare-tipped needles
Armour
 c - a +0 robe
 d - a +0 cloak (worn)
 y - a +0 leather armour (worn)
Jewellery
 n - a +3 ring of protection (left hand)
 q - an amulet of guardian spirit (around neck)
Wands
 w - a wand of flame (22)
Scrolls
 h - 3 scrolls of identify {unknown}
 k - 3 scrolls of remove curse {unknown}
 p - 2 scrolls of teleportation {unknown}
 s - a scroll of enchant armour {unknown}
 A - a scroll of noise {unknown}
Potions
 i - 2 potions of haste {unknown}
 j - a potion of ambrosia {unknown}
 m - a potion of lignification {unknown}
 o - a potion of magic {unknown}
 r - 2 potions of curing {unknown}
 v - 2 potions of resistance
 x - a potion of poison {unknown}
 z - a potion of beneficial mutation {unknown}
Comestibles
 g - 2 meat rations
 u - 6 chunks of flesh


   Skills:
 * Level 2.9 Fighting
 * Level 3.6 Short Blades
 + Level 2.1 Throwing
 * Level 3.2 Dodging
 * Level 7.2 Stealth


You had 4 spell levels left.
You didn't know any spells.

Dungeon Overview and Level Annotations

Branches:
Dungeon (3/15)

Altars:

Annotations:
D:3 Natasha, Sigmund


Innate Abilities, Weirdness & Mutations

You are small and have problems with some larger weapons.
You are carnivorous and can eat meat at any time.


Message History

The magic dart hits you!
You barely miss Natasha.
Natasha is severely wounded.
Natasha looks more healthy.
Natasha casts a spell at you. The magic dart hits you!
* * * LOW HITPOINT WARNING * * *
The crimson imp disappears in a puff of smoke!
Natasha casts a spell.
The crimson imp blinks!
You closely miss Natasha.
Natasha is severely wounded.
Natasha casts a spell at you. The magic dart hits you!
* * * LOW HITPOINT WARNING * * *
Some of the chunks of flesh in your inventory have rotted away.
Drink which item? (? for menu, Esc to quit)
You feel very mighty all of a sudden. The crimson imp misses you.
Natasha claws you!
You die...

###########. ## ###
#.5h@5...... .#..#
#.#######.## #.#.# #.#
#.######.#.# #5#
##..........# #§#
#...#####...## ##K##
##..####....... ######.§.##
#.#...<÷....... ..<.§...#§#
#..####.#....) #.
######...#####..####.#.#..#


You could see an iron imp, Natasha and a crimson imp.

Vanquished Creatures
  Terence (D:2)
  3 adders (D:2)
  2 oozes
  3 worms
  2 giant geckos
  5 orcs (D:3)
  9 bats
  2 giant cockroaches
  12 goblins
  7 hobgoblins
  13 jackals
  A quokka (D:3)
  7 kobolds
  8 rats
75 creatures vanquished.

Notes
Turn   | Place    | Note
--------------------------------------------------------------
     0 | D:1      | JudasIscariot the Kobold Assassin began the quest for the Orb.
     0 | D:1      | Reached XP level 1. HP: 12/12 MP: 1/1
   181 | D:1      | Reached XP level 2. HP: 17/17 MP: 2/2
   576 | D:1      | Reached skill level 6 in Stealth
   874 | D:1      | Reached XP level 3. HP: 14/21 MP: 3/3
  1139 | D:2      | Found a faded altar to an unknown god.
  1165 | D:2      | Reached XP level 4. HP: 27/27 MP: 4/4
  1298 | D:2      | Noticed Terence
  1306 | D:2      | Killed Terence
  1306 | D:2      | Reached skill level 7 in Stealth
  1336 | D:2      | Reached XP level 5. HP: 12/31 MP: 5/5
  2267 | D:3      | Noticed Sigmund
  2269 | D:3      | Noticed Natasha
  2293 | D:3      | Slain by Natasha

Action                   |  1- 3 |  4- 6 || total
-------------------------+-------+-------++-------
Melee: Dagger            |    88 |   116 ||   204
  Use: Potion            |       |     1 ||     1
 Stab: Sleeping          |     7 |     4 ||    11
       Distracted        |       |     1 ||     1
  Eat: Chunk             |     9 |     4 ||    13
